[Event "74th PGNiG TERMIKA POL-ch Women 2022"]
[Site "Kruszwica"]
[Date "2022.05.12"]
[Round "4.3"]
[White "Malicka, Maria"]
[Black "Majdan, Joanna"]
[Result "1-0"]
[ECO "B56"]
[WhiteElo "2377"]
[BlackElo "2325"]
[Annotator "TA"]
[PlyCount "65"]
[EventDate "2022.05.09"]
[EventType "tourn"]
[EventCountry "POL"]
[SourceTitle "playchess.com"]
[Source "ChessBase"]
[SourceQuality "1"]
[TimeControl "40/5400+30:1800+30"]

1. e4 c5 2. Nf3 Nc6 3. d4 cxd4 4. Nxd4 Nf6 5. Nc3 d6 6. g3 g6 7. Nde2 Bg7 8. Bg2 O-O 9. O-O Be6 10. Nd5 Rc8 {[%emt 0:09:25] B70: Sicilian Dragon: 6 g3 and 6 Be2 (without a later Be3).} 11. h3 Ne5 12. Be3 {[%emt 0:08:02] [#]} Nc4 $146 {[%emt 0:10:41] White has an edge.} ({Predecessor:} 12... Qd7 13. Kh2 Nxd5 14. exd5 Bf5 15. c3 h5 16. b3 b5 17. f4 Nd3 18. g4 hxg4 19. hxg4 {1-0 (43) Sorokin-Losev Moscow 1986}) 13. Bd4 Bxd5 14. exd5 Qa5 15. a4 Nb6 16. c3 Qa6 (16... Bh6 $14) 17. Re1 (17. Nf4 $142) 17... Qc4 (17... Bh6 $142) 18. b3 Qc7 19. a5 Nbd7 20. Nf4 Rfe8 21. c4 $36 {[%emt 0:00:47][%mdl 2048] White is in control.} a6 (21... Nc5 $142) 22. h4 $16 {[%emt 0:05:11][%cal Bh3h4,Bh4h5][%mdl 32] 0x0.000a7ad0a608dp-1022s more active pieces.} Nf8 23. Bh3 N6d7 24. h5 Bxd4 25. Qxd4 Ne5 {[%emt 0:03:32] [#] And now ...Nf3+ would win.} 26. Kg2 {[%emt 0:01:42] Inhibits Nf3. Hoping for hxg6.} e6 (26... Rb8 {keeps fighting.} 27. h6 b6) 27. h6 $18 Qc5 28. Qb2 {[%emt 0:01:10] Black must now prevent Rxe5.} exd5 $2 (28... Qc7 29. Nd3 f6) 29. Bxc8 {[%emt 0:06:15] White is clearly winning.} dxc4 30. Bxb7 Rb8 31. bxc4 g5 32. Nd5 {[%emt 0:01:55] [#] White threatens Rxe5 and mate.} Nfg6 33. Nf6+ {[%emt 0:00:43] Weighted Error Value: White=0.14 (very precise) /Black=0.48} 1-0

[Event "74th PGNiG TERMIKA POL-ch Women 2022"]
[Site "Kruszwica"]
[Date "2022.05.12"]
[Round "4.4"]
[White "Cyfka, Karina"]
[Black "Kiolbasa, Oliwia"]
[Result "1/2-1/2"]
[ECO "D37"]
[WhiteElo "2404"]
[BlackElo "2375"]
[Annotator "TA"]
[PlyCount "61"]
[EventDate "2022.05.09"]
[EventType "tourn"]
[EventCountry "POL"]
[SourceTitle "playchess.com"]
[Source "ChessBase"]
[SourceQuality "1"]
[TimeControl "40/5400+30:1800+30"]

1. d4 d5 2. c4 e6 3. Nc3 Nf6 4. Nf3 dxc4 5. Qa4+ Nc6 6. Qxc4 {[%emt 0:06:16] D23: Queen's Gambit Accepted: 3 Nf3 Nf6 sidelines.} Nb4 {[%emt 0:00:22] [#] aiming for ...Nc2+.} 7. Nb5 $146 ({White should play} 7. Qb3 $1 $11) ({Predecessor:} 7. Qb3 c5 8. a3 cxd4 9. axb4 dxc3 10. bxc3 Bd6 11. Bg5 O-O 12. e3 b6 13. Be2 Bb7 {½-½ (30) Lalith,B (2563)-Adhiban,B (2648) Kanpur 2022}) 7... c6 $15 8. Na3 {[%emt 0:00:04] Black is slightly better.} b5 9. Qb3 Ne4 (9... a6 $5 ) 10. g3 Nd5 (10... Bb7 $15) 11. Qd3 Bb4+ 12. Nd2 Nxd2 13. Bxd2 Qa5 14. Bg2 O-O 15. Nc2 Bxd2+ 16. Qxd2 Qxd2+ 17. Kxd2 Rd8 18. Rhd1 Bb7 19. Ke1 Kf8 20. Rac1 a5 21. e4 Nb6 22. Ne3 Rac8 23. Rc2 c5 24. Rxc5 Rxc5 25. dxc5 Rxd1+ 26. Nxd1 $11 {[%emt 0:00:05] KBN-KBN} Na4 {[%emt 0:01:31] The position is equal.} 27. f3 Nxc5 28. Bf1 Bc6 29. Kd2 Ke7 30. Ke3 e5 31. Nc3 {[%emt 0:01:57] Weighted Error Value: White=0.11 (very precise) /Black=0.09 (flawless)} 1/2-1/2

[Event "74th PGNiG TERMIKA POL-ch Women 2022"]
[Site "Kruszwica"]
[Date "2022.05.12"]
[Round "4.5"]
[White "Kulon, Klaudia"]
[Black "Socko, Monika"]
[Result "1-0"]
[ECO "A25"]
[WhiteElo "2305"]
[BlackElo "2384"]
[Annotator "TA"]
[PlyCount "137"]
[EventDate "2022.05.09"]
[EventType "tourn"]
[EventCountry "POL"]
[SourceTitle "playchess.com"]
[Source "ChessBase"]
[SourceQuality "1"]
[TimeControl "40/5400+30:1800+30"]

1. c4 e5 2. Nc3 Nc6 3. g3 g6 4. Bg2 Bg7 5. e3 d6 6. Nge2 Be6 7. d4 Bxc4 8. d5 Bxe2 9. Qxe2 Nb8 {[%emt 0:00:24][%cal Bc6b8,Bb8d7,Bd7c5][%mdl 32] A25: English Opening vs King's Indian with ...Nc6 but without early d3.} 10. Qb5+ Nd7 11. Qxb7 Ne7 {[%emt 0:00:27] White is slightly better.} 12. O-O O-O 13. e4 Nc5 14. Qb5 f5 15. Bg5 Rb8 16. Qe2 {[%emt 0:00:54] [#]} f4 $146 ({Predecessor:} 16... Qe8 17. Be3 Na4 18. Nxa4 Qxa4 19. b3 Qa5 20. Qd2 Qxd2 21. Bxd2 fxe4 22. Bxe4 Nf5 {½-½ (45) Safronov,S (2370)-Sychev,S Ufa 1999}) 17. Rab1 a5 18. Qc2 Qd7 19. Bxe7 (19. b3 {is interesting.} Rbe8 20. f3 c6 21. gxf4 cxd5 22. Bxe7 Rxe7 23. Nxd5 Ref7 24. f5) 19... Qxe7 20. Na4 Nxa4 21. Qxa4 Bh6 22. a3 Ra8 23. Rfd1 Qf6 24. Qc2 Bg5 25. Rd3 h5 26. Rc3 Ra7 27. Bh3 Qg7 28. Be6+ Kh8 29. g4 {[%emt 0:00:39][%cal Bg3g4,Bg4h5][%mdl 32] aiming for gxh5.} f3 30. Kh1 Qf6 (30... Qh6 $14) 31. gxh5 $1 $16 (31. Rxc7 $2 Rxc7 32. Qd1 hxg4 33. Bxg4 Qf4 $19) 31... c5 32. Rg1 $1 Rh7 {[%emt 0:04:54] [#]} (32... gxh5 $16 33. Bf5 Rg7) 33. Bg4 $1 $18 (33. hxg6 Qxg6 34. Rg3 (34. Bf5 $2 Rxf5 35. Rxf3 Rxf3 $19) 34... Qh6 $14) 33... Bf4 (33... gxh5 $18 34. Rxf3 (34. Bf5 Rg7 $16) 34... Bf4) 34. Rxf3 $16 Rg8 (34... gxh5 $142 35. Bf5 Rg7) 35. Rh3 $18 gxh5 36. Bf5 (36. Rxh5 $2 Rxh5 37. Bxh5 Qh4 $19) 36... Rxg1+ 37. Kxg1 Rg7+ {[%emt 0:00:41] [#]} 38. Kf1 $1 (38. Rg3 Bxg3 39. hxg3 h4 $17) 38... Qg5 39. Qb3 Rg8 {[%emt 0:09:12] Against Qb8} 40. Qb7 {[%emt 0:00:00][%csl Gf5][%cal Rb7h7] Really sharp!} Qh6 {[%emt 0:00:00] Against Qh7+} 41. Qf7 ({White should try} 41. Be6 $18 Rd8 42. Qc7) 41... h4 $16 42. Qe6 $40 {[%emt 0:00:58][%mdl 128] White wants a kill. White is more active.} ({But not} 42. Be6 Rd8 43. Rf3 Qg7 44. Rxf4 exf4 $18) 42... Qg5 $4 (42... a4 $16 {is tougher.}) 43. Qxd6 $18 Bxh2 {[%emt 0:00:45] ( -> ...Qc1+)} 44. Qxc5 ({Inferior is} 44. Rxh2 Qc1+ 45. Ke2 Qxb2+ 46. Kf3 (46. Kd3 Qb3+ 47. Ke2 Qb2+ 48. Kf3 Qb3+ 49. Ke2 Qb2+ $11) 46... Qb3+ 47. Ke2 Qb2+ 48. Kf3 (48. Kd3 Qb3+ 49. Ke2 Qb2+ $11) 48... Qb3+ 49. Ke2 Qb2+ $11) 44... Qh5 45. f3 Bg3 46. Ke2 {[%emt 0:03:34] Hoping for Qe7.} Qg5 {[%emt 0:12:51] Prevents Qe7.} 47. d6 {[%emt 0:04:29] And now Qc7 would win.} Qf6 $2 (47... Rb8) 48. Qa7 (48. Qc7 $142 Qh6 49. Kd3) 48... Qh6 49. Qe7 Rb8 50. b4 axb4 51. d7 Qa6+ 52. Kd2 Qh6+ 53. Kd1 bxa3 54. d8=R+ Rxd8+ 55. Qxd8+ Kg7 56. Qe7+ Kh8 57. Qxa3 Kg8 58. Qa8+ Kf7 59. Qb7+ Kf8 60. Ke2 (60. Qb8+ $142 Kf7 61. Qa7+ Kf8 62. Qc5+ Kf7 63. Qc7+ Kf8 64. Qd8+ Kf7 65. Qd7+ Kf8 66. Qd8+ Kf7 67. Qc7+ Kf8 68. Qd8+) 60... Qd6 61. Qc8+ Ke7 62. Rh1 {[%emt 0:00:34] Intending Rb1 and mate.} Qb6 {[%emt 0:00:31] Inhibits Rb1.} 63. Qd7+ Kf6 64. Rd1 {[%emt 0:00:27] Rd6+ would kill now.} Qf2+ 65. Kd3 {[%emt 0:00:02] Threatening mate with Qe6+.} Qxf3+ 66. Kc2 (66. Kc4 $142 Qe2+ 67. Rd3 Qa2+ 68. Kb5 Qg8 69. Bh7 Qb8+ 70. Kc4 Qb6 71. Qf5+ Kg7 72. Qg5+ Kf8 73. Qg8+ Ke7 74. Qg7+ Ke8 75. Bg6+ Qxg6 76. Qxg6+ Ke7 77. Qg7+ Ke6 78. Rd7 h3 79. Qf7#) 66... Qe2+ 67. Kb1 (67. Kb3 $142 Kg5 68. Rd3 Kf4 69. Qd6 Qxe4 70. Bxe4 Kxe4 71. Qg6+ Kf4 72. Qf6+ Kg4 73. Qf3+ Kg5 74. Qe4) 67... Qc4 68. Qd8+ Kg7 69. Rd7+ {[%emt 0:00:06] Weighted Error Value: White=0.09 (flawless) /Black=0.35} 1-0

[Event "74th PGNiG TERMIKA POL-ch Women 2022"]
[Site "Kruszwica"]
[Date "2022.05.13"]
[Round "5.1"]
[White "Majdan, Joanna"]
[Black "Rudzinska, Michalina"]
[Result "0-1"]
[ECO "B11"]
[WhiteElo "2325"]
[BlackElo "2236"]
[Annotator "TA"]
[PlyCount "84"]
[EventDate "2022.05.09"]
[EventType "tourn"]
[EventCountry "POL"]
[SourceTitle "playchess.com"]
[Source "ChessBase"]
[SourceQuality "1"]
[TimeControl "40/5400+30:1800+30"]

1. e4 c6 2. Nc3 d5 3. Nf3 Bg4 4. h3 Bxf3 5. Qxf3 e6 6. Be2 Nf6 {[%emt 0:00:11] B11: Caro-Kann: Two Knights Variation.} 7. exd5 cxd5 8. Bb5+ Nc6 {[%emt 0:02:30] Black has an edge.} 9. Bxc6+ bxc6 10. d4 Qb6 {[%emt 0:18:26] [#]} 11. Qd3 $146 ({Predecessor:} 11. O-O Qxd4 12. Bg5 Qe5 13. h4 Bd6 14. g3 Qd4 15. Rad1 Qg4 16. Rd3 Qxf3 17. Rxf3 {0-1 (32) Brough,C (631)-Giovani,M (993) LSS email 2010}) 11... Bd6 12. O-O O-O 13. Na4 Qb5 14. b3 e5 15. Be3 e4 16. Qd2 Nh5 17. g4 Nf6 18. Nc5 Rad8 19. a4 Qb8 20. Bg5 Bxc5 21. dxc5 Qe5 22. Qf4 Qc3 23. Qe3 Qxc2 24. Bxf6 gxf6 25. Qd4 Rde8 26. Qxf6 {[%emt 0:02:24] Black converts the advantage convincingly.} (26. b4 $15) 26... Re6 $19 (26... Qxc5 27. Qg5+ Kh8 28. Qf6+ Kg8 29. Qg5+ Kh8 30. Qf6+ Kg8 $11) 27. Qg5+ Rg6 28. Qe3 {[%emt 0:00:05] [#]} f5 $1 29. f3 Rb8 (29... f4 $19 {and Black stays clearly on top.} 30. Qc1 Qd3) 30. fxe4 (30. Rac1 $17 Rxb3 31. Qf4) 30... Rxb3 (30... fxg4 31. Rf2 gxh3+ 32. Kh1 Qxe4+ 33. Qxe4 dxe4 34. Re1 $17) 31. Qf2 (31. Qf4 {was worth a try.} Qc3 32. Ra2 (32. exf5 $2 Qxh3 33. fxg6 Rg3+ 34. Qxg3 Qxg3+ 35. Kh1 Qh4+ 36. Kg2 Qxg4+ 37. Kh2 hxg6 $19) 32... Qxh3 33. Rg2) 31... Qxf2+ ({Weaker is} 31... Qxe4 32. Rae1 Rxg4+ 33. Kh2 $17 (33. hxg4 $2 Qxg4+ 34. Qg2 Rg3 $19)) 32. Kxf2 fxe4 {[%emt 0:00:28][%cal Bf5e4,Be4e3,Be3e2][%mdl 4128] Endgame KRR-KRR} 33. Rab1 (33. Kg2 $142) 33... Rxh3 34. Rb8+ Kg7 35. Rb7+ Kh6 36. Rxa7 (36. Rc7 $142 a5 37. Ke1) 36... Rxg4 {[%emt 0:00:50] [#] Strongly threatening ...e3+.} 37. Rc7 e3+ 38. Ke1 Rxa4 {[%emt 0:01:03] Black mates.} 39. Rxc6+ Kg5 40. Rg1+ Kf5 41. Ke2 Ra2+ 42. Kd3 e2+ {[%emt 0:00:08] Weighted Error Value: White=0.53/Black=0.07 (flawless)} 0-1

[Event "74th PGNiG TERMIKA POL-ch Women 2022"]
[Site "Kruszwica"]
[Date "2022.05.13"]
[Round "5.2"]
[White "Antolak, Julia"]
[Black "Kubicka, Anna"]
[Result "1-0"]
[ECO "C54"]
[WhiteElo "2371"]
[BlackElo "2245"]
[Annotator "TA"]
[PlyCount "209"]
[EventDate "2022.05.09"]
[EventType "tourn"]
[EventCountry "POL"]
[SourceTitle "playchess.com"]
[Source "ChessBase"]
[SourceQuality "1"]
[TimeControl "40/5400+30:1800+30"]

1. e4 e5 2. Nf3 Nc6 3. Bc4 Bc5 4. c3 Nf6 5. d4 exd4 6. e5 d5 7. Bb5 Ne4 8. cxd4 Bb4+ 9. Bd2 Nxd2 10. Nbxd2 O-O {[%emt 0:00:51] 10...0-0 is better than 10...Bd7.} 11. Bxc6 bxc6 12. O-O {[%emt 0:00:10] C54: Giuoco Piano: 4 c3 Nf6, main lines with 5 d4 and 5 d3.} c5 13. dxc5 (13. Qc2 $5 ) 13... Bxc5 14. Qc2 {[%emt 0:00:20] The position is equal.} Qe7 {[%emt 0:04:13] [#]} 15. Rac1 $146 ({Predecessor:} 15. Nb3 Bb6 16. Rad1 Bb7 17. Rfe1 Rfe8 18. Qf5 Qe6 19. Nfd4 Qxf5 20. Nxf5 g6 21. Nfd4 {0-1 (50) February,J (1857)-Klabis,R (2353) Chess.com INT 2021}) 15... Bb6 16. Qc6 Be6 17. Nb3 Rad8 18. Nfd4 Bc8 19. Rfe1 $1 Qh4 20. Rcd1 {[%emt 0:05:24] Active counter play!} Bd7 21. Qc2 Qh5 (21... Ba4 $11 22. Nf5 Qb4) 22. Nc5 $14 Bg4 23. f3 Bc8 24. Kh1 (24. Na4 $14) 24... Qg6 (24... Rde8 $1 $11) 25. Qc3 Bxc5 26. Qxc5 Qb6 27. Rc1 Qxb2 28. Nc6 Rde8 29. Rc2 $36 {[%emt 0:00:47][%mdl 2048] Black is under pressure.} Qb6 30. Ne7+ {[%emt 0:01:48][%mdl 64] Discovered Attack} Kh8 $1 {[%emt 0:00:07] Threatens to win with ...Qxc5.} 31. Nxd5 Qg6 32. Nxc7 Rd8 33. Nb5 a6 34. Nd6 Bf5 (34... Be6 $16 35. Rce2 f6 36. exf6 Rxf6) 35. Rd2 $18 h6 (35... Be6 $16 36. Qb6 Qh6) 36. Red1 (36. f4 $18) 36... Rb8 $16 37. Qa7 (37. h3 {is interesting.} f6 38. Kh2 fxe5 39. Qxe5 Rb1 40. Nxf5 Rxf5 41. Qe4) 37... Qe6 38. Kg1 Bg6 39. Qd4 Bb1 40. a3 Bg6 41. f4 f6 42. Qc4 (42. h3 {is more complex.} fxe5 43. fxe5 Rb3 44. Re1) 42... Qxc4 43. Nxc4 Bh5 44. Re1 fxe5 45. fxe5 Bf7 46. Nd6 Be6 47. Ne4 (47. a4 $16) 47... Rb5 $1 $14 48. Nd6 (48. Nf2 $14) 48... Rb3 (48... Rbb8 $11) 49. a4 $16 Rb4 50. Ne4 $1 a5 (50... Rc4 $16) 51. Rd6 (51. Nc5 $18 Bf5 52. e6) 51... Bf5 {[%emt 0:01:40] [#]} (51... Bb3 $1 $14) 52. Ng3 (52. Nc3 $1 $16) 52... Bc2 $11 53. e6 {[%emt 0:02:36][%cal Be5e6,Be6e7][%mdl 32] e7 is the strong threat.} Bxa4 54. e7 Re8 55. Nf5 Rf4 $2 {[%emt 0:01:10] Black cannot hold the game after this.} (55... Rb5 $1 $14 56. g4 Rb7) 56. Re5 $18 {[%emt 0:00:50] And now Rd8 would win.} Kh7 57. Rd8 {[%emt 0:01:07] Strongly threatening Nd6.} Rxf5 58. Rxf5 Rxe7 59. Rxa5 {[%emt 0:00:12][%mdl 4096] Endgame KRR-KRB} Bc6 60. Rd2 {[%emt 0:00:23] Prevents Re2.} Rf7 61. h3 Re7 62. Rc5 Bb7 63. Rdc2 Ba8 64. Kh2 Rd7 65. Rc8 Be4 66. R2c4 Re7 67. R8c7 Re6 68. Ra7 Bd5 $2 (68... Bd3) 69. Rg4 Rg6 70. Rxg6 Kxg6 {[%emt 0:00:03] KR-KB} 71. Kg3 Be4 72. Ra6+ Kf7 (72... Kg5 $142 73. Ra5+ Kf6) 73. Kf2 Bd3 74. Rb6 Be4 75. g3 Bf5 76. h4 Bc2 77. Ke3 {[%emt 0:00:06] aiming for Kf4.} Bf5 78. Kf4 Bd3 $2 (78... Be6 79. g4 Bc4) 79. Ke5 $2 (79. Rd6 Bc2 80. g4) 79... Be2 $2 (79... Bf1 80. g4 Be2 81. Rb7+ Kg6 82. Rb6+ Kh7) 80. Rb7+ Kg6 81. Rc7 $2 (81. Ke6 Ba6 82. Rc7) 81... Bd1 $2 (81... Bg4 82. Kf4 Bh3 83. Rc6+ Kh5 84. Rc5+ Kg6) 82. Ra7 $2 (82. Ke6 Be2 83. Rc5) 82... Be2 $2 (82... Bg4 83. Kf4 Be6) 83. Ke6 Bd1 84. Ra5 (84. Rc7 $142 Bf3 85. Rc5) 84... Bc2 85. Ke7 Kh7 86. Kf8 {[%emt 0:00:43] Ra7 would kill now.} Kh8 87. Ra7 g6 88. Kf7 {[%emt 0:00:17] White threatens Kf6 and mate.} g5 89. hxg5 {[%emt 0:00:23] White mates.} hxg5 90. Ra5 Bb3+ 91. Kf6 g4 {[%emt 0:00:08] [#]} 92. Rh5+ $1 Kg8 93. Rg5+ Kh8 94. Rxg4 Bc2 95. Rc4 Bd3 96. Rc7 Be2 97. Kg6 Bd3+ 98. Kh6 Bf5 99. Rf7 Be6 100. Re7 Bc4 101. g4 Kg8 102. g5 Kf8 103. Rc7 Be6 104. g6 Kg8 105. Re7 {[%emt 0:00:06] Weighted Error Value: White=0.19 (very precise) /Black=0.24 (precise)} 1-0

[Event "74th PGNiG TERMIKA POL-ch Women 2022"]
[Site "Kruszwica"]
[Date "2022.05.13"]
[Round "5.3"]
[White "Socko, Monika"]
[Black "Cyfka, Karina"]
[Result "1-0"]
[ECO "E04"]
[WhiteElo "2384"]
[BlackElo "2404"]
[Annotator "TA"]
[PlyCount "111"]
[EventDate "2022.05.09"]
[EventType "tourn"]
[EventCountry "POL"]
[SourceTitle "playchess.com"]
[Source "ChessBase"]
[SourceQuality "1"]
[TimeControl "40/5400+30:1800+30"]

1. d4 Nf6 2. c4 e6 3. g3 d5 4. Bg2 dxc4 5. Nf3 a6 6. O-O Nc6 7. Nbd2 {[%emt 0:01:35] E04: Open Catalan: 5 Nf3.} b5 8. b3 c3 (8... Nxd4 9. Ne5 Nd5 10. e3 $16) 9. Nb1 {[%emt 0:00:05] [#] Black must now prevent Ne5. The position is equal.} Rb8 $146 (9... b4 $11 {remains equal.}) ({Predecessor:} 9... b4 10. a3 Rb8 11. axb4 Bxb4 12. Qc2 O-O 13. Rd1 Bb7 14. Nxc3 Be7 15. Ba3 Nb4 {1-0 (41) Sadhwani,R (2555)-Maghsoodloo,P (2698) Chess.com INT 2021}) 10. Nxc3 $16 Bb7 11. Bg5 Be7 12. Rc1 O-O 13. e4 b4 14. Bxf6 Bxf6 15. Ne2 a5 (15... Na7 $11) 16. Qc2 (16. e5 $5 Be7 17. Qd3 $14) 16... Nxd4 17. Nexd4 Bxd4 18. Nxd4 Qxd4 19. Rfd1 (19. Qxc7 $14 {should be considered.} Qa7 20. e5) 19... Qa7 $11 20. Qxc7 Rbc8 21. Qe7 Rce8 22. Qg5 Qa8 23. Rc5 Bxe4 (23... h6 $11 {keeps the balance.} 24. Qe5 Rd8) 24. Rxa5 $16 {[%emt 0:02:40] White is more active.} Qb7 25. Rb5 Qa8 26. Bxe4 Qxe4 27. Qd2 Qa8 28. Ra1 (28. Rxb4 Rd8 29. Rd4 Rxd4 30. Qxd4 Qxa2 $14) (28. Qxb4 $6 Qxa2 29. Rd7 Qb1+ 30. Kg2 Ra8 $11) 28... Rd8 29. Qxb4 Rd7 30. Re5 (30. a4 $142) 30... Rfd8 31. Qe1 (31. a4 $142) 31... Qf3 32. Re3 Qh5 {[%emt 0:01:43] ...Rd1 is the strong threat.} 33. Qe2 Qc5 34. Qe1 Qh5 $1 {[%emt 0:00:31] Threatens to win with ...Rd1.} 35. Qe2 Qc5 (35... Rd1+ 36. Rxd1 Rxd1+ 37. Kg2 Qxe2 38. Rxe2 $16) 36. a4 {[%emt 0:00:27] Black is now going downhill.} Rd2 37. Qf3 h6 38. Rae1 Rc2 39. Re5 Qb4 40. R5e4 Qa5 41. Rd1 Rxd1+ 42. Qxd1 {[%emt 0:00:04][%mdl 4096] Endgame KQR-KQR} Rd2 43. Qf3 Rb2 44. Kg2 Qb6 45. Re3 g6 46. Rd3 Kg7 {[%emt 0:02:54] Inhibits Qf6+.} 47. h4 ({Don't take} 47. Rd7 $6 Rxf2+ 48. Qxf2 Qc6+ 49. Qf3 Qxd7 $14) 47... e5 {[%emt 0:02:17] [#]} (47... g5 {is a better defense.} 48. b4 (48. Rd7 Rxf2+ 49. Qxf2 Qc6+ 50. Qf3 Qxd7 $14) 48... gxh4) 48. a5 $1 $18 Qc5 (48... Qf6 49. Qxf6+ Kxf6 50. Rd6+ Kf5 51. g4+ Ke4) 49. Rd7 Rxf2+ 50. Qxf2 Qc6+ {[%emt 0:00:05] [#]} 51. Kh2 $1 Qxd7 52. a6 {[%emt 0:00:06] And now a7 would win.} e4 53. a7 Qe8 54. Qd4+ {[%emt 0:01:17] White mates.} Kh7 55. Qd5 Qc8 56. a8=Q {[%emt 0:00:32] Weighted Error Value: White=0.13 (very precise) /Black=0.30} 1-0

[Event "74th PGNiG TERMIKA POL-ch Women 2022"]
[Site "Kruszwica"]
[Date "2022.05.13"]
[Round "5.4"]
[White "Zawadzka, Jolanta"]
[Black "Kulon, Klaudia"]
[Result "1-0"]
[ECO "B32"]
[WhiteElo "2409"]
[BlackElo "2305"]
[Annotator "TA"]
[PlyCount "117"]
[EventDate "2022.05.09"]
[EventType "tourn"]
[EventCountry "POL"]
[SourceTitle "playchess.com"]
[Source "ChessBase"]
[SourceQuality "1"]
[TimeControl "40/5400+30:1800+30"]

1. e4 c5 2. Nf3 Nc6 3. d4 cxd4 4. Nxd4 e5 5. Nb5 d6 6. c4 g6 {[%emt 0:00:11] 6...Be6 is becoming the main line. B32: Sicilian: Löwenthal and Kalashnikov Variations.} 7. Bd3 Nf6 8. O-O a6 {[%emt 0:01:21] White has an edge.} 9. N5c3 Bg7 10. Na3 Be6 11. Nc2 Rc8 {[%emt 0:01:59] [#]} 12. Nd5 $146 ({Predecessor:} 12. Bg5 O-O 13. Qd2 Qb6 14. b3 Nd7 15. Ne3 Qa5 16. Ned5 Bxd5 17. Nxd5 Qxd2 18. Bxd2 {0-1 (72) Godzwon,I (2321)-Swiercz,D (2664) Chess.com INT 2022}) 12... Bxd5 (12... Nd7 $11 {deserves consideration.}) 13. cxd5 $14 Nd4 14. Nxd4 exd4 15. Bg5 h6 16. Bh4 Qa5 17. f4 {[%emt 0:18:26] Strongly threatening e5.} O-O 18. Qf3 Qb6 19. b3 Nd7 20. Rad1 Rfe8 21. Kh1 Qa5 (21... Rc3 $11) 22. Bb1 (22. Qg4 $14 Qc7 23. b4) 22... Rc3 $11 23. Qg4 Qc7 (23... Qb5 $5 24. Rde1 a5 $11) 24. Rd2 h5 25. Qd1 Rc8 26. h3 Bh6 27. Qe2 Rc1 28. Rdd1 Rxd1 29. Qxd1 Qc3 30. Be1 Qc1 31. Bd2 Qxd1 32. Rxd1 h4 (32... Nc5 $11 {keeps the balance.}) 33. Kg1 $16 f6 34. Kf2 Kg7 35. Kf3 g5 (35... Kf7 $16 {might work better.}) 36. Bb4 $2 (36. e5 $1 $18) 36... gxf4 $11 37. Bxd6 Ne5+ 38. Kf2 Kf7 39. Bxe5 ({Avoid the trap} 39. Rxd4 $2 Rc1 40. Bd3 Rd1 41. Bxe5 (41. Ke2 $2 f3+ 42. gxf3 Rd2+ 43. Kf1 Nxd3 $19) 41... fxe5 $19) 39... fxe5 $15 {[%emt 0:00:04][%mdl 4096] Endgame KRB-KRB} 40. Bd3 Ke7 41. Bc4 Kd6 42. Kf3 (42. Bd3 $142) 42... Rg8 $17 43. Be2 Rg3+ 44. Kf2 f3 (44... Re3 $1 $17 45. Rd3 Rxe4) 45. Bxf3 $15 Be3+ 46. Ke2 Rg7 {[%emt 0:00:17][%mdl 1024] Black has strong compensation.} 47. Rf1 (47. Rd3 $142) 47... Rc7 $17 48. Bh5 (48. Ke1 $17) 48... Bf4 49. Kf3 Rc2 50. Rf2 $2 {[%emt 0:01:22][%mdl 8192] [#]} (50. a4 $17) 50... d3 $1 $19 51. Rf1 Rxa2 52. Rd1 {[%emt 0:00:58] [#]} d2 53. Kg4 Bg3 54. Rf1 Bf2 $2 55. Kg5 $11 a5 $2 56. Rxf2 $18 {[%emt 0:00:46] White is clearly winning.} d1=Q {[%emt 0:00:15] ( -> ...Qc1+)} 57. Rf6+ (57. Bxd1 $2 {is the wrong capture.} Rxf2 58. Bf3 Rb2 59. Kxh4 Rxb3 $19) 57... Ke7 58. Re6+ Kd7 59. Bxd1 {[%emt 0:00:06] Quite a comeback for White.  Weighted Error Value: White=0.25 (precise) /Black=0.35} 1-0

[Event "74th PGNiG TERMIKA POL-ch Women 2022"]
[Site "Kruszwica"]
[Date "2022.05.13"]
[Round "5.5"]
[White "Kiolbasa, Oliwia"]
[Black "Malicka, Maria"]
[Result "1/2-1/2"]
[ECO "B12"]
[WhiteElo "2375"]
[BlackElo "2377"]
[Annotator "TA"]
[PlyCount "96"]
[EventDate "2022.05.09"]
[EventType "tourn"]
[EventCountry "POL"]
[SourceTitle "playchess.com"]
[Source "ChessBase"]
[SourceQuality "1"]
[TimeControl "40/5400+30:1800+30"]

1. e4 c6 2. d4 d5 3. e5 c5 4. dxc5 e6 5. Nf3 Bxc5 6. Bd3 {[%emt 0:00:21] B12: Caro-Kann: Advance Variation.} Ne7 $1 {[%emt 0:00:17][%mdl 4] now scores much better than the old 6...Nc6.} 7. Bf4 (7. Nbd2 $142) 7... Nbc6 (7... Qb6 $5 ) 8. O-O Ng6 9. Bg3 O-O 10. Nbd2 Bd7 11. Re1 Rc8 {[%emt 0:19:01] [#]} 12. a3 $146 ({Predecessor:} 12. c3 a6 13. Qb1 Be7 14. h4 Re8 15. h5 Nf8 16. Nf1 Na5 17. N1h2 Qb6 18. h6 {1-0 (30) Groszpeter,A (2493)-Boguszlavszkij,J (2281) Hungary 2001}) 12... f5 {[%emt 0:09:28] Strongly threatening ...f4.} 13. exf6 $1 Qxf6 14. Bxg6 Qxg6 15. b4 Bb6 16. c4 a6 17. c5 Bc7 {[%emt 0:11:28] [#]} 18. Nc4 $1 Qf6 (18... Rxf3 $14 19. gxf3 Rd8) (18... dxc4 19. Qxd7) 19. Nd6 $16 Bxd6 20. Bxd6 Rf7 21. Ra2 Re8 22. Rae2 {[%emt 0:04:14] Inhibits e5.} Qf5 23. Qd2 h6 24. h3 Qh5 25. Re3 Rf6 {[%emt 0:04:46] [#]} 26. Kh2 ({Better is} 26. a4 $1 $18) 26... d4 27. Nxd4 Nxd4 28. Qxd4 {[%emt 0:00:05] aiming for Rg3.} Rxf2 29. Rg3 Rf7 30. Be5 {[%emt 0:06:45] White is much more active.} (30. Re5 $16 g5 31. h4) 30... g5 $14 31. Qd3 (31. h4 $5 ) 31... Bc6 32. Bb2 Rd7 (32... Rf5 $1 $14) 33. Qc3 $18 {[%emt 0:02:22] Threatening mate with Qh8+.} Kh7 {[%emt 0:00:19] [#] Against Qh8+} (33... Rh7 34. Rge3 Qf7) 34. Rge3 $2 ({Only move:} 34. Rd3 $1 $18 {[%cal Rd3d7] White wants to mate with Rxd7+.} Qg6 35. Rxd7+ Bxd7 36. Qd4) 34... Qf7 $14 35. Qc2+ Qg6 36. Qc3 {[%emt 0:00:42][%cal Oe3e6] Rxe6! is the strong threat.} Bd5 (36... Qf7 $11 {is more appropriate.}) 37. a4 Rf7 38. Re5 {[%emt 0:01:12][%cal Oe5d5] Hoping for Rxd5!} Ref8 39. b5 axb5 40. axb5 Rf2 41. Rxd5 exd5 {[%emt 0:02:05] The position is equal.} 42. Re6 {[%emt 0:00:45] Really sharp!} Qf7 {[%emt 0:12:03] ( -> ...Rxg2+)} 43. Qd3+ Qf5 $1 44. Re7+ Kg6 $1 45. Re6+ Kh7 46. Re7+ Kg6 $1 47. Re6+ Kh7 48. Re7+ Kg6 $1 {[%emt 0:00:03] Weighted Error Value: White=0.29 (precise) /Black=0.20 (precise)} 1/2-1/2